 Dungeon Crawl Stone Soup version 0.23-a0-458-g93a6ea9 (webtiles) character file.

3370 theanonym the Magician (level 9, -5/57 HPs)
             Began as a Mummy Necromancer on Nov 25, 2018.
             Was a Believer of Vehumet.
             Slain by Harold
             ... wielding a +0 scimitar
              (31 damage)
             ... on level 7 of the Dungeon.
             The game lasted 00:19:27 (9130 turns).

theanonym the Magician (Mummy Necromancer)          Turns: 9130, Time: 00:19:28

Health: -5/57      AC:  7    Str: 14    XL:     9   Next: 73%
Magic:  0/20       EV: 11    Int: 17    God:    Vehumet [**....]
Gold:   207        SH:  0    Dex: 12    Spells: 10/23 levels left

rFire    x . .     SeeInvis .   a - +7 dagger (elec)
rCold    + . .     Gourm    .   (no shield)
rNeg     + + +     Faith    .   c - +0 ring mail (curse)
rPois    ∞         Spirit   .   k - +0 helmet
rElec    .         Reflect  .   (no cloak)
rCorr    .         Harm     .   (no gloves)
MR       +....                  (no boots)
Stlth    +.........             (no amulet)
HPRegen  0.19/turn              i - +2 ring of strength
MPRegen  0.17/turn              b - ring of wizardry

@: marked, studying Stealth
A: no food or potions, fire vulnerability, cold resistance 1, negative energy
resistance 3, torment resistance, unbreathing
a: Renounce Religion


Innate Abilities, Weirdness & Mutations

You do not eat or drink.
Your flesh is vulnerable to fire.
You are immune to poison.
Your flesh is cold resistant. (rC+)
You are immune to negative energy. (rN+++)
You are immune to unholy pain and torment.
You can survive without breathing.


   Skills:
 - Level 6.2 Short Blades
 - Level 5.0 Armour
 + Level 2.1 Dodging
 - Level 1.5 Stealth
 - Level 7.6 Spellcasting
 + Level 4.9 Conjurations
 - Level 6.0 Necromancy
 + Level 0.0 Air Magic
 + Level 0.0 Poison Magic


You had 10 spell levels left.
You knew the following spells:

 Your Spells              Type           Power        Failure   Level  Hunger
a - Pain                  Necr           ####         1%          1    N/A
b - Animate Dead          Necr           N/A          7%          4    N/A
c - Vampiric Draining     Necr           ####......   2%          3    N/A
d - Magic Dart            Conj           ###.         1%          1    N/A
e - Animate Skeleton      Necr           N/A          1%          1    N/A
f - Mephitic Cloud        Conj/Pois/Air  ##......     13%         3    N/A

Your spell library contained the following spells:

 Spells                   Type           Power        Failure   Level  Hunger
 Regeneration             Chrm/Necr      Unusable     N/A         3    N/A

Skill      XL: |  1  2  3  4  5  6  7  8  9 |
---------------+----------------------------+-----
Spellcasting   | 3 4 5 6 7 |  7.6
Short Blades   | 1 2 3 4 5 6 |  6.2
Necromancy     | 5 6 |  6.0
Armour         | 2 4 5 |  5.0
Conjurations   | 2 4 |  4.9
Dodging        | 2 |  2.1
Stealth        | |  1.5

Action                   |  1- 3 |  4- 6 |  7- 9 || total
-------------------------+-------+-------+-------++-------
Melee: Short sword       |    69 |    54 |       ||   123
       Unarmed           |     2 |       |       ||     2
       Dagger            |       |    31 |   290 ||   321
Throw: Throwing net      |       |     1 |     1 ||     2
 Cast: Pain              |    63 |   103 |    79 ||   245
       Animate Skeleton  |     3 |    14 |       ||    17
       Vampiric Draining |       |     3 |    22 ||    25
       Animate Dead      |       |     3 |    32 ||    35
  Use: Scroll            |       |     3 |    11 ||    14
 Stab: Sleeping          |       |     5 |       ||     5
Armor: Robe              |    15 |    10 |       ||    25
       Leather armour    |       |     8 |     9 ||    17
       Ring mail         |       |       |    66 ||    66
Dodge: Dodged            |    65 |    72 |   152 ||   289

Inventory:

Hand Weapons
 a - a +7 dagger of electrocution (weapon)
   (You took it off an orc on level 3 of the Dungeon)
Missiles
 d - a throwing net (quivered)
Armour
 c - a cursed +0 ring mail (worn)
   (You found it on level 4 of the Dungeon)
 k - a +0 helmet (worn)
   (You found it on level 2 of the Dungeon)
 m - a +0 leather armour
   (You found it on level 3 of the Dungeon)
Jewellery
 b - a ring of wizardry (right hand)
   (You found it on level 4 of the Dungeon)
 i - a +2 ring of strength (left hand)
   (You found it on level 5 of the Dungeon)
 j - an uncursed ring of stealth
   (You found it on level 2 of the Dungeon)
 l - an uncursed ring of resist corrosion
   (You found it on level 6 of the Dungeon)
 r - an uncursed ring of magical power
   (You took it off a big kobold on level 7 of the Dungeon)
Wands
 h - a wand of random effects (24)
   (You found it on level 4 of the Dungeon)
 p - a wand of polymorph (7)
   (You found it on level 6 of the Dungeon)
 v - a wand of acid (6)
   (You found it on level 4 of the Dungeon)
Scrolls
 e - a scroll of immolation
 f - 3 scrolls of amnesia
 g - a scroll of fear
 n - 3 scrolls of remove curse
 q - a scroll of fog {unknown}
 t - 3 scrolls of teleportation {!r}
 B - 2 scrolls of blinking
Books
 o - a manual of Stealth
   (You found it on level 6 of the Dungeon)


You were on level 7 of the Dungeon.
You worshipped Vehumet.
Vehumet was pleased with you.
You were not hungry.

You visited 2 branches of the dungeon, and saw 8 of its levels.

You collected 207 gold pieces.

Dungeon Overview and Level Annotations

Branches:
Dungeon (7/15)             Temple (1/1) D:4

Altars:
Ashenzari
Cheibriados
Dithmenos
Elyvilon
Ru
Trog
Uskayaw
Vehumet
Xom

Shops:
D:7 *

Annotations:
D:3 1 runed door, Loge's ghost, amateur KoHu
D:4 1 runed door, theanonym's ghost, novice OpFE
D:7 1 runed door, Harold

#Z# . #.# .## #.#
..# #.####
#.#####.Z..####
#.............#
#.########.##Z#
#@# #.##.# #@#
#.##Z# #Z# #.##.#
#.# ####.##.# #.#
#....##.# #Z#
#.#####.# ## #.#
#.# #.###.
#(#####.#####<#.(.
#..............∩.Z
#######>#########Z


You could see Harold, a friendly orc wizard zombie and a friendly spriggan
zombie.

Notes
Turn   | Place    | Note
-------+----------+-------------------------------------------
     0 | D:1      | theanonym the Mummy Necromancer began the quest for the
                  | Orb.
     0 | D:1      | Reached XP level 1. HP: 13/13 MP: 4/4
    78 | D:1      | HP: 5/13 [leopard gecko (2)]
   295 | D:1      | Reached skill level 3 in Spellcasting
   339 | D:1      | Reached XP level 2. HP: 12/19 MP: 1/6
   707 | D:1      | Learned a level 1 spell: Animate Skeleton
  1067 | D:2      | Reached XP level 3. HP: 15/24 MP: 3/7
  1197 | D:2      | Reached skill level 1 in Short Blades
  1339 | D:2      | Learned a level 3 spell: Vampiric Draining
  1519 | D:2      | Reached XP level 4. HP: 25/30 MP: 0/9
  1761 | D:2      | Reached skill level 4 in Spellcasting
  2043 | D:3      | Learned a level 4 spell: Animate Dead
  2104 | D:3      | Noticed an ogre
  2119 | D:3      | Killed an ogre
  2119 | D:3      | Reached skill level 2 in Short Blades
  2119 | D:3      | Reached skill level 5 in Necromancy
  2119 | D:3      | Reached XP level 5. HP: 35/35 MP: 0/11
  2261 | D:3      | Noticed Loge's ghost (amateur KoHu)
  2262 | D:3      | Found a runed door.
  2321 | D:3      | HP: 16/35 [orc wizard/+0 dagger (4)]
  2324 | D:3      | HP: 7/35 [orc wizard/+0 dagger (1)]
  2405 | D:3      | HP: 17/35 [kobold/+0 short sword (2)]
  2580 | D:3      | HP: 11/35 [orc/+1 dagger of electrocution (18)]
  2904 | D:3      | Found a faded altar of an unknown god.
  3105 | D:3      | Noticed a sky beast
  3333 | D:3      | Killed a sky beast
  3333 | D:3      | Reached skill level 5 in Spellcasting
  3333 | D:3      | Reached XP level 6. HP: 32/41 MP: 5/13
  3657 | D:4      | HP: 20/41 [orc/+0 war axe (9)]
  3662 | D:4      | HP: 13/41 [orc/+0 short sword (5)]
  3972 | D:4      | Reached skill level 3 in Short Blades
  4346 | D:4      | Found a staircase to the Ecumenical Temple.
  4355 | Temple   | Entered the Ecumenical Temple
  4360 | Temple   | Became a worshipper of Vehumet
  4383 | D:4      | HP: 14/41 [iguana (7)]
  4619 | D:4      | Reached XP level 7. HP: 46/46 MP: 10/15
  4621 | D:4      | Noticed Natasha
  4633 | D:4      | Killed Natasha
  4722 | D:4      | HP: 19/46 [centaur/arrow (16)]
  4724 | D:4      | HP: 6/46 [centaur (5)]
  4727 | D:4      | Reached skill level 1 in Armour
  4727 | D:4      | Reached skill level 6 in Necromancy
  4743 | D:4      | Reached skill level 6 in Spellcasting
  5436 | D:4      | Noticed Natasha
  5438 | D:4      | Killed Natasha
  5492 | D:4      | Noticed Natasha
  5498 | D:4      | Killed Natasha
  5541 | D:4      | Found a runed door.
  5543 | D:4      | Noticed theanonym's ghost (novice OpFE)
  5775 | D:5      | Entered Level 5 of the Dungeon
  5784 | D:5      | Reached skill level 2 in Armour
  5827 | D:5      | HP: 23/46 [centaur (8)]
  5831 | D:5      | Reached skill level 4 in Short Blades
  5881 | D:5      | Reached XP level 8. HP: 33/52 MP: 2/18
  5883 | D:5      | Reached skill level 7 in Spellcasting
  5887 | D:5      | Found a shimmering altar of Xom.
  6236 | D:5      | Reached skill level 3 in Armour
  6606 | D:5      | Reached * piety under Vehumet
  6606 | D:5      | Offered knowledge of Magic Dart by Vehumet.
  6609 | D:5      | Learned a level 1 spell: Magic Dart
  6839 | D:6      | HP: 26/52 [orc warrior/+0 scimitar (14)]
  6840 | D:6      | Reached skill level 1 in Conjurations
  7029 | D:6      | HP: 25/52 [bullfrog zombie (2)]
  7035 | D:6      | HP: 21/52 [bullfrog zombie (1)]
  7038 | D:6      | Reached skill level 2 in Conjurations
  7043 | D:6      | HP: 24/52 [jackal (1)]
  7048 | D:6      | HP: 23/52 [jackal (2)]
  7052 | D:6      | Reached skill level 5 in Short Blades
  7286 | D:6      | Reached skill level 4 in Armour
  7286 | D:6      | Reached XP level 9. HP: 43/57 MP: 17/20
  7403 | D:6      | Reached skill level 3 in Conjurations
  7601 | D:6      | Offered knowledge of Searing Ray by Vehumet.
  7602 | D:6      | Reached ** piety under Vehumet
  7891 | D:6      | Reached skill level 4 in Conjurations
  8363 | D:7      | Found a runed door.
  8728 | D:7      | Noticed Dowan
  8736 | D:7      | Killed Dowan
  8736 | D:7      | Reached skill level 6 in Short Blades
  8746 | D:7      | Noticed Duvessa
  8756 | D:7      | Killed Duvessa
  8756 | D:7      | Reached skill level 5 in Armour
  8893 | D:7      | Found Beol's General Store.
  8924 | D:7      | Reached skill level 2 in Dodging
  8930 | D:7      | Offered knowledge of Mephitic Cloud by Vehumet.
  8977 | D:7      | Learned a level 3 spell: Mephitic Cloud
  9115 | D:7      | Noticed Harold
  9124 | D:7      | HP: 26/57 [Harold/+0 scimitar (19)]
  9129 | D:7      | HP: 22/57 [Harold/+0 scimitar (16)]
  9130 | D:7      | Slain by Harold

Vanquished Creatures
  A spriggan (D:7)
  Duvessa (D:7)
  An orc warrior (D:6)
  A phantom (D:6)
  A black bear (D:6)
  An ice beast (D:7)
  2 sky beasts
  A necrophage (D:5)
  6 ogres
  4 centaurs
  A big kobold (D:7)
  2 bullfrogs
  3 scorpions
  Dowan (D:7)
  A howler monkey (D:6)
  2 bullfrog zombies (D:6)
  2 crimson imps
  5 orc priests
  2 centaur skeletons
  2 hounds
  Natasha (twice) (D:4)
  8 orc wizards
  3 iguanas (D:4)
  6 worker ants
  A hound zombie (D:6)
  2 hound skeletons
  A worker ant zombie (D:7)
  9 adders
  4 gnolls (D:5)
  A shadow imp (D:6)
  An ooze (D:4)
  2 adder zombies
  3 adder skeletons
  3 worms
  3 dart slugs
  7 leopard geckos
  30 orcs
  4 bats (D:3)
  2 giant cockroaches (D:2)
  7 goblins
  5 hobgoblins
  15 jackals
  16 kobolds
  3 quokkas
  4 ball pythons
  8 frilled lizards
  6 rats
196 creatures vanquished.

Vanquished Creatures (collateral kills)
  A hound (D:4)
  An orc wizard (D:5)
  Natasha (D:4)
  A leopard gecko (D:2)
  2 orcs
6 creatures vanquished.

Vanquished Creatures (others)
  2 withered plants (D:3)
2 creatures vanquished.

Grand Total: 204 creatures vanquished

Table legend:
 A = Turns spent in this place as a percentage of turns spent in the entire game.
 B = Non-inter-level travel turns spent in this place as a percentage of non-inter-level travel turns spent in the entire game.
 C = Inter-level travel turns spent in this place as a percentage of turns spent in this place.
 D = Turns resting spent in this place as a percentage of non-inter-level travel turns spent in this place.
 E = Turns spent auto-exploring this place as a percentage of non-inter-level travel turns spent in this place.
 F = Non-inter-level travel turns spent in this place divided by the number of levels of this place that you've seen.
                   A       B       C       D       E      F
               +-------+-------+-------+-------+-------+----------------------
         Total | 100.0 | 100.0 |   2.7 |  47.6 |  35.7 | 1111.0
       Dungeon |  99.9 |  99.9 |   2.6 |  47.6 |  35.8 | 1268.7
        Temple |   0.1 |   0.1 |  36.4 |   0.0 |  14.3 |   7.0
               +-------+-------+-------+-------+-------+----------------------
